 Dungeon Crawl Stone Soup version 0.31-a0-4-gefa6de2278 (webtiles) character file.

Game seed: 4147777908053771361

174 GreenGuy14 the Grave Robber (level 5, -3/40 HPs)
             Began as a Ghoul Necromancer on May 4, 2023.
             Splashed by a jelly's acid (4 damage)
             ... on level 4 of the Dungeon.
             The game lasted 01:00:23 (2716 turns).

GreenGuy14 the Grave Robber (Ghoul Necromancer)     Turns: 2716, Time: 01:00:23

Health: -3/40      AC: -1    Str: 12    XL:     5   Next: 54%
Magic:  1/8        EV: 12    Int: 12    God:
Gold:   176        SH:  0    Dex:  9    Spells: 9/10 levels left

rFire   . . .        h - +1 hand axe (vamp)
rCold   + . .        (no shield)
rNeg    + + +        a - +1 robe
rPois   ∞            (no helmet)
rElec   .            (no cloak)
rCorr   .            (no gloves)
SInv    .            (no boots)
Will    .....        j - amulet of regeneration
Stlth   ++           (no ring)
HPRegen 0.00/turn    (no ring)
MPRegen 0.11/turn

%: no passive effects
@: corroded, inhibited regen
A: claws 1, cold resistance 1, negative energy resistance 3, inhibited
regeneration, torment resistance 2, devour on kill
a: no special abilities


You were on level 4 of the Dungeon.
You visited 1 branch of the dungeon, and saw 4 of its levels.

You collected 176 gold pieces.

Inventory:

Hand Weapons
 e - a +0 mace
 f - a +0 sling
 g - a +0 short sword
 h - a +1 vampiric hand axe (weapon)
 l - a +0 dagger of electrocution
 o - a +0 whip
Missiles
 b - 6 boomerangs
 q - 2 throwing nets
Armour
 a - a +1 robe (worn)
 d - a +0 chain mail
 i - a +1 leather armour of poison resistance
 m - a +0 ring mail
Jewellery
 j - an amulet of regeneration (around neck)
Wands
 p - a wand of charming (5) (quivered)
Scrolls
 k - 4 scrolls of identify
Potions
 n - 2 potions of lignification


   Skills:
 + Level 1.2 Fighting
 + Level 1.0 Axes
 + Level 0.1 Throwing
 + Level 2.2 Dodging
 + Level 2.3 Stealth
 - Level 0.2 Unarmed Combat
 * Level 3.1 Spellcasting
 + Level 5.0 Necromancy


You had 9 spell levels left.
You knew the following spells:

 Your Spells              Type           Power      Damage    Failure   Level
a - Necrotise             Necr           56%        1d6       3%          1

Your spell library contained the following spells:

 Spells                   Type           Power      Damage    Failure   Level
 Vampiric Draining        Necr           14%        2d7       9%          3
 Cigotuvi's Dreadful Rot  Necr/Pois/Air  10%        N/A       19%         2
 Slow                     Hex            4%         N/A       24%         1
 Animate Dead             Necr           14%        N/A       30%         4
 Confusing Touch          Hex            1%         N/A       58%         3
 Ignite Poison            Fire/Tmut/Pois 1%         N/A       58%         3
 Agony                    Necr           14%        N/A       63%         5
 Freezing Cloud           Conj/Ice/Air   0%         6-21      100%        5


Dungeon Overview and Level Annotations

Branches:
Dungeon (4/15)
 Temple: D:4-7

Altars:

Shops:
D:2 ?


Innate Abilities, Weirdness & Mutations

You are immune to poison.
You have sharp fingernails.
Your flesh is cold resistant. (rC+)
You are immune to negative energy. (rN+++)
You do not regenerate when monsters are visible.
You are immune to unholy pain and torment.
You thrive by killing the living.


Message History

A quokka comes into view.
A jelly comes into view.
Found a scroll labelled CIGOHI KAYKHLE.
Found a stone staircase leading down.
The jelly quivers.
Casting: Necrotise (safe; 3% risk of failure)
Confirm with . or Enter, or press ? or * to list all spells.
Aiming: Necrotise (safe; 3% risk of failure)
Press: ? - help, Shift-Dir - straight line, f - jelly
Aim: a jelly (chance to affect: 78%)
The jelly barely resists.
Casting: Necrotise (safe; 3% risk of failure)
Confirm with . or Enter, or press ? or * to list all spells.
You don't have enough magic to cast this spell.
Unknown command.
The jelly hits you.
You are splashed with acid!
Robin barely misses the jelly.
You slash the jelly!
Your claws burn!
The jelly is moderately wounded.
You completely miss the quokka. The jelly misses you. The quokka bites you.
Robin hits the jelly.
Robin is burned by acid!
The jelly hits you. The acid corrodes you!
You are splashed with acid!
You hit the jelly.
Your claws burn!
The jelly is heavily wounded.
You hit the quokka but do no damage. The quokka bites you.
Robin hits the jelly.
The acid corrodes Robin!
Robin is burned by acid!
The jelly barely misses you. The quokka bites you.
* * * LOW HITPOINT WARNING * * *
Aiming: Charm
Press: ? - help, Q - select action, (/) - cycle Shift-Dir - straight line, f/p - jelly
Aim: a jelly (severely wounded, ally target, chance to affect: 57%)
The jelly resists with significant effort.
The quokka barely misses you. The jelly hits you.
* * * LOW HITPOINT WARNING * * *
The acid corrodes you!
You are splashed with acid.
* * * LOW HITPOINT WARNING * * *
Robin hits the jelly.
Robin is burned by acid!
You closely miss the quokka. You hit the jelly.
Your claws burn!
You die...

#.#.# #.# .... ###.
.###.# .... #... >.....
.... ##.#.#.
.#.#######.... .....#
............. #.#..#
#.#......#...
.###.#..####.#......#...
......rJZ..........)....
.#.#.#.@####.#.....)##.#
#..# #.####.......
#.......# #.####<#
....?..######)###..#
#.......#....))).....
#.......#.<...))...)#
###.######.###)####.# #.
# #)# #.# #. #.# #.#


You could see a jelly (ally target), a quokka and the friendly Robin the
hobgoblin skeleton (corroded).

Vanquished Creatures
  Robin (D:4)
  6 adders
  2 gnolls (D:4)
  A worm (D:3)
  A dart slug (D:3)
  4 ball pythons
  6 endoplasms
  12 goblins
  7 hobgoblins
  3 quokkas
  5 bats
  A frilled lizard (D:2)
  3 kobolds
  13 rats
65 creatures vanquished.

Vanquished Creatures (collateral kills)
  A gnoll (D:4)
  5 goblins
  2 hobgoblins
  3 rats
11 creatures vanquished.

Vanquished Creatures (others)
  A gnoll (D:4)
1 creature vanquished.

Grand Total: 77 creatures vanquished

Notes
Turn   | Place    | Note
-------+----------+-------------------------------------------
     0 | D:1      | GreenGuy14 the Ghoul Necromancer began the quest for the
                  | Orb.
     0 | D:1      | Reached XP level 1. HP: 14/14 MP: 2/2
   146 | D:1      | Found a faded altar of an unknown god.
   465 | D:1      | Reached XP level 2. HP: 20/20 MP: 3/3
  1356 | D:2      | Reached XP level 3. HP: 26/26 MP: 5/5
  1499 | D:2      | Found Tuostal's Magic Scroll Boutique.
  2143 | D:3      | Reached XP level 4. HP: 33/33 MP: 6/6
  2488 | D:3      | Reached XP level 5. HP: 39/39 MP: 3/8
  2625 | D:4      | Reached skill level 1 in Fighting
  2634 | D:4      | Reached skill level 5 in Necromancy
  2645 | D:4      | Reached skill level 1 in Axes
  2666 | D:4      | Noticed Robin
  2695 | D:4      | Killed Robin
  2715 | D:4      | HP: 1/40 [acid (6)]
  2716 | D:4      | Splashed by a jelly's acid

Illustrated notes

Levels and vault maps discovered:
D:1:      dpeg_arrival_simpleton_a, layout_loops_ring,
          shapermc_ecumenical_altar_notcrosses, minmay_rat_gold_closets
D:2:      layout_basic, serial_shops, shop, chequers_serial_rivers_micro_c,
          eino_tiny_chamber, grunt_decor_one_mirror, serial_park_tiny_1
D:3:      layout_basic, nicolae_overflow_ecumenical_swirl,
          gammafunk_ghost_grave, nicolae_kite_square_tiling_tiny,
          chequers_serial_rivers_large_a, chequers_serial_rivers_room_b,
          uniq_crazy_yiuf_cottage
D:4:      layout_basic, mainiacjoe_overflow_alcove_2, xom_teletrap_fun,
          grunt_temple_overflow_bloody_war, chequers_serial_rivers_small_a,
          kennysheep_generic_room_8, uniq_ijyb, uniq_robin

Skill      XL: |  1  2  3  4  5 |
---------------+----------------+-----
Spellcasting   | 2 3 |  3.1
Dodging        | 2 |  2.2
Fighting       | 1 |  1.2
Necromancy     | 5 |  5.0
Axes           | 1 |  1.0
Throwing       | |  0.1
Stealth        | |  2.3
Unarmed Combat | |  0.2

Action                     |  1- 3 |  4- 6 || total
---------------------------+-------+-------++-------
  Melee: Unarmed           |     9 |       ||     9
         Hand axe          |    94 |    44 ||   138
         Punch             |     2 |       ||     2
  Throw: Stone             |     5 |       ||     5
   Cast: Necrotise         |    39 |    51 ||    90
  Evoke: Wand              |       |     2 ||     2
    Use: Scroll            |     5 |       ||     5
         Potion            |     4 |     3 ||     7
   Stab: Sleeping          |     1 |       ||     1
 Armour: Robe              |    16 |    11 ||    27
  Dodge: Dodged            |    43 |    49 ||    92

Table legend: (Time is in decaauts)
 A = Elapsed time spent in this place.
 B = Non-inter-level travel time spent in this place.
 C = Inter-level travel time spent in this place.
 D = Time resting spent in this place.
 E = Time spent auto-exploring this place.
 F = Levels seen in this place.
 G = Mean time per level.
                   A        B        C        D        E       F      G
               +--------+--------+--------+--------+--------+-----+--------+
         Total |   2760 |   2396 |    364 |      8 |      0 |   4 |  690.0 |
       Dungeon |   2760 |   2396 |    364 |      8 |      0 |   4 |  690.0 |
               +--------+--------+--------+--------+--------+-----+--------+

Top non-repeatable levels by time:
     D:1: 1355 daAuts
     D:2: 749 daAuts
     D:3: 541 daAuts
     D:4: 114 daAuts
